TOP OF THE 1ST |
Los Angeles (NYP) Dodgers batting - Pitching for Williamsport Crosscutters : RHP Justin Ashton
|
Pitching: RHP Justin Ashton
|
|
Batting: LHB Nate Kee
|
0-0: Foul Ball, location: 2F 0-1: Swinging Strike 0-2: Strikes out looking
|
Batting: RHB Justin Curran
|
0-0: Foul Ball, location: 2F 0-1: Ball 1-1: Foul Ball, location: 2F 1-2: Ball 2-2: Ground out 6-3 (Groundball, 56, EV 93.1 MPH)
|
Batting: RHB Jonathan Kirsch
|
0-0: Called Strike 0-1: Ball 1-1: Ball 2-1: Ball 3-1: Base on Balls
|
Batting: LHB Stephen Van Raalte
|
0-0: Ball 1-0: Ball 2-0: Called Strike 2-1: Swinging Strike 2-2: Strikes out swinging
|
Top of the 1st over - 0 runs, 0 hits, 0 errors, 1 left on base; Los Angeles (NYP) 0 - Williamsport 0 |
BOTTOM OF THE 1ST |
Williamsport Crosscutters batting - Pitching for Los Angeles (NYP) Dodgers : RHP Pat Adams
|
Pitching: RHP Pat Adams
|
|
Batting: RHB Tony Perez
|
0-0: Ball 1-0: Fly out, F7 (Flyball, 7S, EV 95.0 MPH)
|
Batting: RHB Joe Hewitt
|
0-0: SINGLE (Groundball, 56, EV 107.5 MPH)
|
Batting: LHB Alex Fernandez
|
0-0: Ball Joe Hewitt steals 2nd base 1-0: Called Strike 1-1: Ball 2-1: Ball 3-1: Base on Balls
|
Batting: RHB Allen Gravel
|
0-0: Ball 1-0: Called Strike Joe Hewitt steals 3rd base 1-1: Ball 2-1: Ball Alex Fernandez steals 2nd base 3-1: SINGLE (Groundball, 5D, EV 109.4 MPH) Joe Hewitt scores Alex Fernandez to third Runner from 3rd tries for Home, SAFE, throw by LF to home
|
Batting: LHB Eric Farren
|
0-0: Ball 1-0: Called Strike 1-1: Foul Ball, location: 2F 1-2: Foul Ball, location: 2F 1-2: Foul Ball, location: 2F 1-2: Ball 2-2: Fielders Choice at 2nd, 1-6 (Groundball, 13S, EV 71.2 MPH)
|
Batting: RHB Alan Weller
|
0-0: Called Strike 0-1: Called Strike Eric Farren steals 2nd base 0-2: Ball 1-2: Ball Wild Pitch! Eric Farren to third 2-2: DOUBLE (Line Drive, 3D, EV 107.5 MPH) Eric Farren scores
|
Batting: RHB Trent Hedrick
|
0-0: DOUBLE (Line Drive, 5D, EV 93.8 MPH) Alan Weller scores
|
Batting: RHB Jose Corral
|
0-0: Foul Ball, location: 2F 0-1: Ball Wild Pitch! Trent Hedrick to third 1-1: Ball 2-1: Foul Ball, location: 2F 2-2: Ball 3-2: Foul Ball, location: 2F 3-2: SINGLE (Line Drive, 7S, EV 86.9 MPH) Trent Hedrick scores
|
Batting: RHB Ken Gadberry
|
0-0: Called Strike 0-1: Ball 1-1: Ground out 4-3 (Groundball, 4MS, EV 66.2 MPH)
|
Bottom of the 1st over - 5 runs, 5 hits, 0 errors, 1 left on base; Los Angeles (NYP) 0 - Williamsport 5 |
TOP OF THE 2ND |
Los Angeles (NYP) Dodgers batting - Pitching for Williamsport Crosscutters : RHP Justin Ashton
|
Batting: RHB David Watkins
|
0-0: Called Strike 0-1: Foul Ball, location: 2F 0-2: Strikes out looking
|
Batting: RHB Gary Ming
|
0-0: Called Strike 0-1: Foul Ball, location: 2F 0-2: Ball 1-2: Ball 2-2: Foul Ball, location: 2F 2-2: Ball 3-2: Base on Balls
|
Batting: RHB Mike Kaczor
|
0-0: Called Strike 0-1: Ball 1-1: Ball Wild Pitch! Gary Ming to second 2-1: Ball 3-1: Foul Ball, location: 2F 3-2: Fly out, F7 (Line Drive, 7D, EV 100.6 MPH)
|
Batting: SHB Josh Vaill
|
0-0: Ball 1-0: Called Strike 1-1: Ball 2-1: Ball 3-1: Base on Balls
|
Batting: RHB Will Barksdale
|
0-0: Called Strike 0-1: Ball 1-1: Foul Ball, location: 2F 1-2: Fly out, F9 (Flyball, 9LD, EV 95.6 MPH)
|
Top of the 2nd over - 0 runs, 0 hits, 0 errors, 2 left on base; Los Angeles (NYP) 0 - Williamsport 5 |
BOTTOM OF THE 2ND |
Williamsport Crosscutters batting - Pitching for Los Angeles (NYP) Dodgers : RHP Pat Adams
|
Batting: RHB Tony Perez
|
0-0: Called Strike 0-1: Swinging Strike 0-2: Ball 1-2: Ball 2-2: TRIPLE (Flyball, 78XD, EV 103.1 MPH)
|
Batting: RHB Joe Hewitt
|
0-0: Ball 1-0: SINGLE (Line Drive, 89S, EV 101.9 MPH) Tony Perez scores
|
Batting: LHB Alex Fernandez
|
0-0: Called Strike Joe Hewitt steals 2nd, throwing error, E2 Joe Hewitt to third 0-1: Ball 1-1: Ball 2-1: Ball 3-1: Called Strike 3-2: Foul Ball, location: 2F 3-2: SINGLE (Line Drive, 8LS, EV 106.2 MPH) Joe Hewitt scores
|
Batting: RHB Allen Gravel
|
0-0: Ball 1-0: Foul Ball, location: 2F 1-1: Swinging Strike 1-2: Strikes out swinging
|
Batting: LHB Eric Farren
|
0-0: Ball Alex Fernandez steals 2nd, throwing error, E2 Alex Fernandez to third 1-0: Called Strike 1-1: Swinging Strike 1-2: Ball 2-2: Ball 3-2: Base on Balls
|
Batting: RHB Alan Weller
|
0-0: SINGLE (Groundball, 25, EV 74.4 MPH) (infield hit) Eric Farren to second
|
Pitching: RHP Mesfin Azagba
|
|
Batting: RHB Trent Hedrick
|
0-0: Ball 1-0: Ball 2-0: Called Strike 2-1: Fly out, F8 (Line Drive, 8RD, EV 94.4 MPH) Runner from 3rd tags up, SCORES, no throw by CF
|
Batting: RHB Jose Corral
|
0-0: Ball 1-0: Ball 2-0: Swinging Strike 2-1: Foul Ball, location: 2F 2-2: Foul Ball, location: 2F 2-2: Fly out, F4 (Popup, 4D, EV 53.1 MPH)
|
Bottom of the 2nd over - 3 runs, 4 hits, 2 errors, 2 left on base; Los Angeles (NYP) 0 - Williamsport 8 |
TOP OF THE 3RD |
Los Angeles (NYP) Dodgers batting - Pitching for Williamsport Crosscutters : RHP Justin Ashton
|
Batting: LHB Nate Kee
|
0-0: Fly out, F8 (Flyball, 78D, EV 104.4 MPH)
|
Batting: RHB Justin Curran
|
0-0: Ball 1-0: Called Strike 1-1: Ball 2-1: Foul Ball, location: 2F 2-2: Strikes out looking
|
Batting: RHB Jonathan Kirsch
|
0-0: Called Strike 0-1: Ball 1-1: Ball 2-1: Called Strike 2-2: DOUBLE (Line Drive, 9LM, EV 110.6 MPH)
|
Batting: LHB Stephen Van Raalte
|
0-0: Ball 1-0: Called Strike 1-1: Swinging Strike 1-2: Foul Ball, location: 2F 1-2: Strikes out swinging
|
Top of the 3rd over - 0 runs, 1 hit, 0 errors, 1 left on base; Los Angeles (NYP) 0 - Williamsport 8 |
BOTTOM OF THE 3RD |
Williamsport Crosscutters batting - Pitching for Los Angeles (NYP) Dodgers : RHP Mesfin Azagba
|
Batting: RHB Ken Gadberry
|
0-0: Ball 1-0: Ball 2-0: Foul Ball, location: 2F 2-1: Ball 3-1: Base on Balls
|
Batting: RHB Tony Perez
|
0-0: Called Strike 0-1: Ball 1-1: Ball 2-1: 2-RUN HOME RUN (Flyball, 7D, EV 100.0 MPH), Distance : 380 ft
|
Pitching: RHP Joe Bower
|
|
Batting: RHB Joe Hewitt
|
0-0: Ball 1-0: Swinging Strike 1-1: Swinging Strike 1-2: Ball 2-2: Ball 3-2: Ground out 6-3 (Groundball, 56, EV 83.1 MPH)
|
Batting: LHB Alex Fernandez
|
0-0: Ball 1-0: Ball 2-0: Foul Ball, location: 2F 2-1: Ball 3-1: Called Strike 3-2: Foul Ball, location: 2F 3-2: Base on Balls
|
Batting: RHB Allen Gravel
|
0-0: Ball Balk! Alex Fernandez to second 1-0: Called Strike 1-1: Ball 2-1: Ball 3-1: Called Strike 3-2: Base on Balls
|
Pitching: RHP Charles Blatchford
|
|
Batting: LHB Eric Farren
|
0-0: Ball 1-0: Ball 2-0: Called Strike 2-1: Fly out, F6 (Popup, 6, EV 71.2 MPH)
|
Batting: RHB Alan Weller
|
0-0: Ball 1-0: Ball 2-0: Ball 3-0: Called Strike 3-1: Foul Ball, location: 2F 3-2: Base on Balls Alex Fernandez to third Allen Gravel to second
|
Batting: RHB Trent Hedrick
|
0-0: Foul Ball, location: 2F 0-1: Foul Ball, location: 2F 0-2: Ball 1-2: Ball 2-2: Fly out, F6 (Line Drive, 6, EV 76.2 MPH)
|
Bottom of the 3rd over - 2 runs, 1 hit, 0 errors, 3 left on base; Los Angeles (NYP) 0 - Williamsport 10 |
TOP OF THE 4TH |
Los Angeles (NYP) Dodgers batting - Pitching for Williamsport Crosscutters : RHP Justin Ashton
|
Batting: RHB David Watkins
|
0-0: Called Strike 0-1: Swinging Strike 0-2: Strikes out swinging
|
Batting: RHB Gary Ming
|
0-0: Ball 1-0: Foul Ball, location: 2F 1-1: Ground out 3-1 (Groundball, 34S, EV 91.9 MPH)
|
Batting: RHB Mike Kaczor
|
0-0: Ball 1-0: Foul Ball, location: 2F 1-1: Ball 2-1: Called Strike 2-2: Strikes out looking
|
Top of the 4th over - 0 runs, 0 hits, 0 errors, 0 left on base; Los Angeles (NYP) 0 - Williamsport 10 |
BOTTOM OF THE 4TH |
Williamsport Crosscutters batting - Pitching for Los Angeles (NYP) Dodgers : RHP Charles Blatchford
|
Batting: RHB Jose Corral
|
0-0: Foul Ball, location: 2F 0-1: Ball 1-1: Ball 2-1: Foul Ball, location: 2F 2-2: Ball 3-2: Ground out 6-3 (Groundball, 6, EV 109.4 MPH)
|
Pitching: RHP Luis Hinostroza
|
|
Batting: RHB Ken Gadberry
|
0-0: Ground out 1-3 (Groundball, 15S, EV 68.1 MPH)
|
Batting: RHB Tony Perez
|
0-0: Called Strike 0-1: Ball 1-1: Foul Ball, location: 2F 1-2: Ball 2-2: Foul Ball, location: 2F 2-2: SINGLE (Groundball, 6MD, EV 98.8 MPH)
|
Batting: RHB Joe Hewitt
|
0-0: Ball 1-0: Called Strike 1-1: Reached on error, E6 (Groundball, 6, EV 102.5 MPH) Tony Perez to second
|
Batting: LHB Alex Fernandez
|
0-0: Ball 1-0: Ball Balk! Tony Perez to third Joe Hewitt to second 2-0: Ball 3-0: Base on Balls
|
Batting: RHB Allen Gravel
|
0-0: GRAND SLAM HOME RUN (Flyball, 7D, EV 97.5 MPH), Distance : 376 ft
|
Batting: LHB Eric Farren
|
0-0: Ball 1-0: Ball 2-0: Foul Ball, location: 2F 2-1: Ball 3-1: Base on Balls
|
Pitching: RHP Ruben Irizarry
|
|
Batting: RHB Alan Weller
|
0-0: Called Strike 0-1: Ball Passed Ball! Eric Farren to second 1-1: SINGLE (Groundball, 56D, EV 100.0 MPH) Eric Farren to third Runner from 3rd tries for Home, SAFE, throw by LF to home
|
Batting: RHB Trent Hedrick
|
0-0: Ball 1-0: Swinging Strike Balk! Alan Weller to second 1-1: Called Strike 1-2: Ground out 1-3 (Groundball, 13, EV 70.6 MPH)
|
Bottom of the 4th over - 5 runs, 3 hits, 1 error, 1 left on base; Los Angeles (NYP) 0 - Williamsport 15 |
TOP OF THE 5TH |
Los Angeles (NYP) Dodgers batting - Pitching for Williamsport Crosscutters : RHP Justin Ashton
|
Batting: SHB Josh Vaill
|
0-0: SINGLE (Groundball, 4MD, EV 104.4 MPH)
|
Batting: RHB Will Barksdale
|
0-0: Called Strike 0-1: Ball 1-1: Ball 2-1: Called Strike 2-2: Strikes out swinging
|
Batting: LHB Nate Kee
|
0-0: Swinging Strike 0-1: Foul Ball, location: 2F 0-2: Ball 1-2: Strikes out swinging
|
Pitching: RHP Pat Stone
|
|
Batting: RHB Justin Curran
|
0-0: Called Strike 0-1: Ball 1-1: Swinging Strike 1-2: Strikes out swinging
|
Top of the 5th over - 0 runs, 1 hit, 0 errors, 1 left on base; Los Angeles (NYP) 0 - Williamsport 15 |
BOTTOM OF THE 5TH |
Williamsport Crosscutters batting - Pitching for Los Angeles (NYP) Dodgers : RHP Ruben Irizarry
|
Batting: RHB Jose Corral
|
0-0: Ground out U3 (Groundball, 34S, EV 83.8 MPH)
|
Batting: RHB Ken Gadberry
|
0-0: Ball 1-0: Foul Ball, location: 2F 1-1: Ball 2-1: Foul Ball, location: 2F 2-2: Ball 3-2: Strikes out looking
|
Batting: RHB Tony Perez
|
0-0: SINGLE (Flyball, 34D, EV 98.1 MPH)
|
Batting: RHB Joe Hewitt
|
0-0: Fielders Choice at 2nd, 6-4 (Groundball, 6, EV 86.9 MPH)
|
Bottom of the 5th over - 0 runs, 1 hit, 0 errors, 1 left on base; Los Angeles (NYP) 0 - Williamsport 15 |
TOP OF THE 6TH |
Los Angeles (NYP) Dodgers batting - Pitching for Williamsport Crosscutters : RHP Pat Stone
|
Batting: RHB Jonathan Kirsch
|
0-0: Called Strike 0-1: Ball 1-1: Foul Ball, location: 2F 1-2: Ball 2-2: Ball 3-2: SINGLE (Groundball, 34D, EV 103.1 MPH)
|
Batting: LHB Stephen Van Raalte
|
0-0: SINGLE (Line Drive, 78M, EV 101.2 MPH) Jonathan Kirsch to second
|
Batting: RHB David Watkins
|
0-0: Ball 1-0: Called Strike 1-1: Swinging Strike 1-2: Ball 2-2: Ball 3-2: Base on Balls Jonathan Kirsch to third Stephen Van Raalte to second
|
Batting: RHB Gary Ming
|
0-0: Ball 1-0: Ball 2-0: Called Strike 2-1: Ball 3-1: Reached on error, E6 (Groundball, 6M, EV 93.1 MPH) Jonathan Kirsch scores Stephen Van Raalte to third David Watkins to second
|
Batting: RHB Mike Kaczor
|
0-0: Foul Ball, location: 2F 0-1: Ball 1-1: DOUBLE (Groundball, 5L, EV 106.2 MPH) Stephen Van Raalte scores David Watkins scores Gary Ming to third
|
Batting: SHB Josh Vaill
|
0-0: Ball 1-0: Ball 2-0: Called Strike 2-1: Foul Ball, location: 2F 2-2: Foul Ball, location: 2F 2-2: Ball 3-2: Foul Ball, location: 2F 3-2: Strikes out swinging
|
Batting: RHB Will Barksdale
|
0-0: Ground out U3 (Groundball, 3S, EV 66.9 MPH)
|
Batting: LHB Nate Kee
|
0-0: Ball 1-0: Called Strike 1-1: Called Strike 1-2: Fly out, F4 (Flyball, 34D, EV 88.8 MPH)
|
Top of the 6th over - 3 runs, 3 hits, 1 error, 2 left on base; Los Angeles (NYP) 3 - Williamsport 15 |
BOTTOM OF THE 6TH |
Williamsport Crosscutters batting - Pitching for Los Angeles (NYP) Dodgers : RHP Ruben Irizarry
|
Batting: LHB Alex Fernandez
|
0-0: Ball 1-0: Foul Ball, location: 2F 1-1: Ground out 6-3 (Groundball, 6M, EV 83.1 MPH)
|
Batting: RHB Allen Gravel
|
0-0: Ball 1-0: Ground out 4-3 (Groundball, 4M, EV 106.9 MPH)
|
Batting: LHB Eric Farren
|
0-0: Foul Ball, location: 2F 0-1: Ball 1-1: Swinging Strike 1-2: Foul Ball, location: 2F 1-2: Ball 2-2: TRIPLE (Line Drive, 78XD, EV 106.2 MPH)
|
Batting: RHB Alan Weller
|
Balk! Eric Farren scores 0-0: Called Strike 0-1: Ball 1-1: Ball 2-1: Ball 3-1: Base on Balls
|
Batting: RHB Trent Hedrick
|
0-0: SINGLE (Line Drive, 9LS, EV 88.1 MPH) Alan Weller to second
|
Batting: RHB Jose Corral
|
0-0: Ball 1-0: Swinging Strike 1-1: Ball 2-1: Ball 3-1: Base on Balls Alan Weller to third Trent Hedrick to second
|
Batting: RHB Ken Gadberry
|
0-0: SINGLE (Groundball, 6MD, EV 105.6 MPH) Alan Weller scores Trent Hedrick to third Jose Corral to second Runner from 3rd tries for Home, SAFE, throw by CF to home
|
Batting: RHB Tony Perez
|
0-0: Ball 1-0: Ball Balk! Jose Corral to third Ken Gadberry to second 2-0: Ball Balk! Jose Corral scores Ken Gadberry to third 3-0: Called Strike 3-1: Base on Balls
|
Batting: RHB Joe Hewitt
|
0-0: Foul Ball, location: 2F 0-1: Foul Ball, location: 2F 0-2: Strikes out looking
|
Bottom of the 6th over - 4 runs, 3 hits, 0 errors, 2 left on base; Los Angeles (NYP) 3 - Williamsport 19 |
TOP OF THE 7TH |
Los Angeles (NYP) Dodgers batting - Pitching for Williamsport Crosscutters : RHP Pat Stone
|
Batting: RHB Justin Curran
|
0-0: Ball 1-0: Ball 2-0: Ground out U3 (Groundball, 3L, EV 103.1 MPH)
|
Batting: RHB Jonathan Kirsch
|
0-0: Ball 1-0: SINGLE (Groundball, 56D, EV 109.4 MPH)
|
Batting: LHB Stephen Van Raalte
|
0-0: Called Strike 0-1: Called Strike 0-2: Strikes out looking
|
Batting: RHB David Watkins
|
0-0: Swinging Strike 0-1: Swinging Strike 0-2: Ball 1-2: Foul Ball, location: 2F 1-2: Foul Ball, location: 2F 1-2: Strikes out swinging
|
Top of the 7th over - 0 runs, 1 hit, 0 errors, 1 left on base; Los Angeles (NYP) 3 - Williamsport 19 |
BOTTOM OF THE 7TH |
Williamsport Crosscutters batting - Pitching for Los Angeles (NYP) Dodgers : RHP Ruben Irizarry
|
Pinch Hitting: RHB Brian Burd
|
0-0: Called Strike 0-1: Foul Ball, location: 2F 0-2: Strikes out swinging
|
Pinch Hitting: RHB Sean Espejo
|
0-0: Ball 1-0: Ball 2-0: Foul Ball, location: 2F 2-1: Called Strike 2-2: Ball 3-2: SINGLE (Groundball, 34D, EV 94.4 MPH)
|
Pinch Hitting: RHB Chae-seong Lee
|
0-0: Ball 1-0: Ball 2-0: Foul Ball, location: 2F 2-1: Ball 3-1: Base on Balls Sean Espejo to second
|
Batting: RHB Alan Weller
|
0-0: Swinging Strike 0-1: Foul Ball, location: 2F 0-2: Fly out, F3 (Line Drive, 3, EV 65.0 MPH) Lined into DP, U3 (Line Drive, 3, EV 68.1 MPH)
|
Bottom of the 7th over - 0 runs, 1 hit, 0 errors, 1 left on base; Los Angeles (NYP) 3 - Williamsport 19 |
TOP OF THE 8TH |
Los Angeles (NYP) Dodgers batting - Pitching for Williamsport Crosscutters : RHP Pat Stone
|
Now at 2B: Chae-seong Lee
|
|
Now at SS: Sean Espejo
|
|
Now in RF: Brian Burd
|
|
Batting: RHB Gary Ming
|
0-0: Foul Ball, location: 2F 0-1: Foul Ball, location: 2F 0-2: Ball 1-2: Foul Ball, location: 2F 1-2: DOUBLE (Line Drive, 9LM, EV 103.8 MPH)
|
Pitching: RHP Tony Trevino
|
|
Batting: RHB Mike Kaczor
|
0-0: Ball 1-0: Ball 2-0: Foul Ball, location: 2F 2-1: Foul Ball, location: 2F 2-2: Strikes out swinging
|
Batting: SHB Josh Vaill
|
0-0: Called Strike 0-1: Swinging Strike 0-2: Ball 1-2: Foul Ball, location: 2F 1-2: Ball 2-2: Strikes out swinging
|
Batting: RHB Will Barksdale
|
0-0: Called Strike 0-1: Ball 1-1: Ball 2-1: Fly out, F8 (Flyball, 8RD, EV 81.2 MPH)
|
Top of the 8th over - 0 runs, 1 hit, 0 errors, 1 left on base; Los Angeles (NYP) 3 - Williamsport 19 |
BOTTOM OF THE 8TH |
Williamsport Crosscutters batting - Pitching for Los Angeles (NYP) Dodgers : RHP Ruben Irizarry
|
Batting: RHB Trent Hedrick
|
0-0: Ball 1-0: Called Strike 1-1: Ground out U3 (Groundball, 3S, EV 88.8 MPH)
|
Batting: RHB Jose Corral
|
0-0: Ball 1-0: Foul Ball, location: 2F 1-1: Swinging Strike 1-2: Ball 2-2: Ball 3-2: Base on Balls
|
Batting: RHB Ken Gadberry
|
0-0: Ball 1-0: Foul Ball, location: 2F 1-1: Ball 2-1: Ball 3-1: Called Strike 3-2: Base on Balls Jose Corral to second
|
Batting: RHB Tony Perez
|
0-0: Foul Ball, location: 2F 0-1: Ball 1-1: Foul Ball, location: 2F 1-2: SINGLE (Line Drive, 56D, EV 99.4 MPH) Jose Corral to third Ken Gadberry to second Runner from 3rd tries for Home, SAFE, throw by LF to home
|
Batting: RHB Joe Hewitt
|
0-0: Ball 1-0: Called Strike 1-1: Ball 2-1: Ball Wild Pitch! Ken Gadberry to third Tony Perez to second 3-1: Base on Balls
|
Batting: RHB Brian Burd
|
0-0: Ball 1-0: Called Strike 1-1: Ball 2-1: Ball 3-1: Base on Balls Ken Gadberry scores Tony Perez to third Joe Hewitt to second
|
Batting: RHB Sean Espejo
|
0-0: Fielders Choice at 2nd, 5-4 (Groundball, 5, EV 110.0 MPH) Tony Perez scores Joe Hewitt to third
|
Batting: RHB Chae-seong Lee
|
0-0: Ball 1-0: Reached on error, E5 (Groundball, 56, EV 91.2 MPH) Joe Hewitt scores Sean Espejo to second
|
Batting: RHB Alan Weller
|
0-0: SINGLE (Line Drive, 4M, EV 106.2 MPH) Sean Espejo to third Chae-seong Lee to second
|
Batting: RHB Trent Hedrick
|
0-0: SINGLE (Groundball, 34D, EV 100.0 MPH) Sean Espejo scores Chae-seong Lee to third Alan Weller to second Runner from 3rd tries for Home, SAFE, throw by RF to home
|
Batting: RHB Jose Corral
|
0-0: SINGLE (Groundball, 56, EV 103.8 MPH) Alan Weller to third Trent Hedrick to second Runner from 3rd tries for Home, SAFE, throw by LF to home
|
Batting: RHB Ken Gadberry
|
0-0: Ball 1-0: SINGLE (Groundball, P, EV 85.6 MPH) (infield hit) Trent Hedrick to third Jose Corral to second
|
Batting: RHB Tony Perez
|
0-0: Ball 1-0: Ball Wild Pitch! Trent Hedrick scores Jose Corral to third Ken Gadberry to second 2-0: Called Strike 2-1: Ball Wild Pitch! Jose Corral scores Ken Gadberry to third 3-1: Called Strike 3-2: Base on Balls
|
Batting: RHB Joe Hewitt
|
0-0: DOUBLE (Groundball, 5L, EV 103.1 MPH) Ken Gadberry scores Tony Perez to third Runner from 3rd tries for Home, SAFE, throw by LF to trailing runner, OUT at third! 7-3-5
|
Bottom of the 8th over - 11 runs, 6 hits, 1 error, 0 left on base; Los Angeles (NYP) 3 - Williamsport 30 |
TOP OF THE 9TH |
Los Angeles (NYP) Dodgers batting - Pitching for Williamsport Crosscutters : RHP Tony Trevino
|
Batting: LHB Nate Kee
|
0-0: Called Strike 0-1: Swinging Strike 0-2: Strikes out swinging
|
Batting: RHB Justin Curran
|
0-0: Called Strike 0-1: Foul Ball, location: 2F 0-2: Ball 1-2: Strikes out looking
|
Batting: RHB Jonathan Kirsch
|
0-0: Called Strike 0-1: Ball 1-1: Called Strike 1-2: Fly out, F4 (Popup, 3S, EV 75.0 MPH)
|
Top of the 9th over - 0 runs, 0 hits, 0 errors, 0 left on base; Los Angeles (NYP) 3 - Williamsport 30 |
|